 Dungeon Crawl Stone Soup version 0.31-a0-182-gc5ef74bbde (webtiles) character file.

Game seed: 13678585585461433068

127 qw the Shooter (level 5, 0/49 HPs)
             Began as a Naga Hunter on June 20, 2023.
             Slain by a hobgoblin (1 damage)
             ... on level 3 of the Dungeon.
             The game lasted 00:00:44 (2858 turns).

qw the Shooter (Naga Hunter)                        Turns: 2858, Time: 00:00:45

Health: 0/49       AC:  4    Str: 14    XL:     5   Next: 11%
Magic:  5/5        EV:  9    Int:  9    God:
Gold:   177        SH:  0    Dex: 16    Spells: 4/4 levels left

rFire   + . .        Y - +3 shortbow (freeze)
rCold   . . .        (shield currently unavailable)
rNeg    . . .        c - +0 leather armour
rPois   +            m - +0 helmet
rElec   .            (no cloak)
rCorr   .            (no gloves)
SInv    +            (no barding)
Will    .....        (no amulet)
Stlth   ++           e - ring of protection from fire
HPRegen 0.28/turn    (no ring)
MPRegen 0.09/turn

%: no passive effects
@: short of breath, very slow
A: AC +1, large, see invisible, deformed body, poison resistance, slowness 2,
spit poison 1, naga tail 1
a: Spit Poison


You were on level 3 of the Dungeon.
You visited 1 branch of the dungeon, and saw 4 of its levels.

You collected 177 gold pieces.


Innate Abilities, Weirdness & Mutations

Your serpentine skin is tough. (AC +1)
You have supernaturally acute eyesight. (SInv)
Armour fits poorly on your strangely shaped body.
Your system is resistant to poisons. (rPois)
You cover ground very slowly.
You can spit poison.
You have a snake-like lower body.


   Skills:
 - Level 3.4 Fighting
 + Level 5.0 Ranged Weapons
 - Level 1.5 Dodging
 - Level 1.5 Stealth


You had 4 spell levels left.
You didn't know any spells.
Your spell library was empty.

Inventory:

Hand Weapons
 Y - a +3 shortbow of freezing (weapon)
Armour
 c - a +0 leather armour (worn)
 m - a +0 helmet (worn)
Jewellery
 e - a ring of protection from fire (left hand)
Scrolls
 b - a scroll of identify
Potions
 f - a potion of mutation
 g - a potion of might {unknown}
 j - 2 potions of curing

Dungeon Overview and Level Annotations

Branches:
Dungeon (4/15)
 Temple: D:4-7

Altars:

Annotations:
D:3 3 runed translucent doors, Edmund; qw's ghost, amateur NaHu


Message History

The kobold hits you with a +0 short sword.
The hobgoblin hits you but does no damage.
Edmund barely misses you.
You climb upwards.
Level annotation: 3 runed translucent doors, qw's ghost, amateur NaHu
There is a stone staircase leading down here.
2853 ||| INVOKING Spit Poison.
Aiming: Spit Poison (1% risk of failure)
Press: ? - help, Shift-Dir - straight line, f - Edmund The splash of poison hits Edmund.
Edmund is poisoned.
Edmund is lightly wounded.
The hobgoblin misses you. The kobold misses you.
You shoot an arrow. The arrow hits Edmund!
The arrow freezes Edmund.
Edmund is moderately wounded.
The hobgoblin hits you but does no damage.
Edmund hits you with a +0 heavy flail!
The kobold hits you with a +0 short sword.
The hobgoblin hits you. The kobold hits you but does no damage.
You shoot an arrow. The arrow hits Edmund.
The arrow freezes Edmund.
Edmund is heavily wounded.
You have got your breath back.
Edmund hits you with a +0 heavy flail. The kobold hits you but does no damage.
The hobgoblin barely misses you.
2856 ||| INVOKING Spit Poison.
Aiming: Spit Poison (1% risk of failure)
Press: ? - help, Shift-Dir - straight line, f/p - Edmund The splash of poison hits Edmund.
Edmund is heavily wounded.
The hobgoblin closely misses you.
Edmund says, "I might not be good at magic, but I can still kill you!"
Edmund hits you with a +0 heavy flail!
The kobold hits you with a +0 short sword.
You shoot an arrow. The arrow hits Edmund.
The arrow freezes Edmund.
Edmund is severely wounded.
The hobgoblin barely misses you.
The kobold hits you with a +0 short sword.
You shoot an arrow. The arrow hits Edmund.
The arrow freezes Edmund.
Edmund is almost dead.
Edmund hits you with a +0 heavy flail! The hobgoblin hits you.
You die...

..#.....# #.# ##8###8##...##
#....#### ###.####...........##
###.## #.....#8...........8# #.#
#.#.#.##...........## #.#
##(#.#.##...##}###8## ##'##
#....#.##...##### ## ##...##
#..###.#8...8##.# #.....##
#..###@##...###.## .......##
#...g@K#....# #..## #
........####...####.######...####
........'.......................'
........####...###########...####
.......## #..## #....## #
#.....## #...# #.#### ##...##
###.# #.# ##'## #.# #.# #.# #.#
#.#


You could see Edmund (poisoned), a hobgoblin and a kobold.

Vanquished Creatures
  An orc priest (D:3)
  Robin (D:3)
  2 adders
  A worm (D:2)
  A dart slug (D:2)
  2 orcs (D:3)
  3 endoplasms
  A giant cockroach (D:1)
  10 goblins
  11 hobgoblins
  3 quokkas
  5 ball pythons
  4 bats
  2 frilled lizards
  6 kobolds
  5 rats
58 creatures vanquished.

Notes
Turn   | Place    | Note
-------+----------+-------------------------------------------
     0 | D:1      | qw the Naga Hunter began the quest for the Orb.
     0 | D:1      | Reached XP level 1. HP: 19/19 MP: 1/1
     0 | D:1      | 0 ||| qw: Version: 0.3-a-9-g12657ce
     0 | D:1      | 0 ||| qw: Game counter: 1250
     0 | D:1      | 0 ||| qw: Always use a shield: true
     0 | D:1      | 0 ||| qw: God list: Okawaru
     0 | D:1      | 0 ||| qw: Allow faded altars: false
     0 | D:1      | 0 ||| qw: Do Orc after D:15 true
     0 | D:1      | 0 ||| qw: Do second Lair branch before Depths: true
     0 | D:1      | 0 ||| qw: Lair rune preference: random
     0 | D:1      | 0 ||| qw: Plans: Normal
     0 | D:1      | 0 ||| PLANNING D:1-11
   287 | D:1      | 287 ||| INVOKING Spit Poison.
   290 | D:1      | 290 ||| INVOKING Spit Poison.
   296 | D:1      | 296 ||| INVOKING Spit Poison.
   377 | D:1      | Reached skill level 4 in Ranged Weapons
   377 | D:1      | Reached XP level 2. HP: 26/26 MP: 2/2
   471 | D:1      | 471 ||| INVOKING Spit Poison.
   524 | D:1      | 524 ||| INVOKING Spit Poison.
   899 | D:1      | 899 ||| UPGRADING to +0 helmet.
   904 | D:1      | 904 ||| UPGRADING to ring of protection from fire.
   905 | D:1      | 905 ||| DROPPING ring of flight.
   906 | D:1      | 906 ||| READING scroll labelled RABUIRGH HILYRA.
   907 | D:1      | 907 ||| READING scroll labelled BUCSOO OPTOO.
   908 | D:1      | 908 ||| READING scroll labelled BOSAON UHAEG.
   909 | D:1      | 909 ||| READING scroll labelled REUSTI HAALITU.
   910 | D:1      | 910 ||| READING scroll labelled GIXIORGH VIPS.
   911 | D:1      | 911 ||| READING scroll labelled CEIVYI ERHUUNT.
   912 | D:1      | 912 ||| READING scroll labelled UJUSAY IRCHA.
   913 | D:1      | 913 ||| DRINKING 2 amethyst potions.
   914 | D:1      | 914 ||| DROPPING scroll of butterflies.
   927 | D:2      | 927 ||| INVOKING Spit Poison.
   993 | D:2      | 993 ||| INVOKING Spit Poison.
   999 | D:2      | 999 ||| INVOKING Spit Poison.
  1008 | D:2      | 1008 ||| INVOKING Spit Poison.
  1011 | D:2      | Reached XP level 3. HP: 28/32 MP: 3/3
  1073 | D:2      | 1073 ||| INVOKING Spit Poison.
  1197 | D:2      | 1197 ||| INVOKING Spit Poison.
  1200 | D:2      | 1200 ||| INVOKING Spit Poison.
  1251 | D:2      | 1251 ||| INVOKING Spit Poison.
  1458 | D:2      | Found a faded altar of an unknown god.
  1533 | D:2      | 1533 ||| INVOKING Spit Poison.
  1537 | D:2      | 1537 ||| INVOKING Spit Poison.
  1677 | D:2      | 1677 ||| INVOKING Spit Poison.
  1705 | D:2      | 1705 ||| READING scroll labelled NUH BEYRUR.
  1706 | D:2      | 1706 ||| READING scroll labelled IJAHEA JAOQO.
  1747 | D:3      | 1747 ||| INVOKING Spit Poison.
  1748 | D:3      | 1748 ||| INVOKING Spit Poison.
  1803 | D:3      | 1803 ||| READING scroll of enchant weapon.
  1803 | D:3      | 1803 ||| ENCHANTING +1 shortbow of flaming.
  1808 | D:3      | Noticed Robin
  1810 | D:3      | 1810 ||| INVOKING Spit Poison.
  1815 | D:3      | Killed Robin
  1816 | D:3      | Reached skill level 5 in Ranged Weapons
  1816 | D:3      | Reached XP level 4. HP: 39/39 MP: 4/4
  1816 | D:3      | 1816 ||| INVOKING Spit Poison.
  2043 | D:3      | 2043 ||| INVOKING Spit Poison.
  2111 | D:3      | 2111 ||| READING scroll of brand weapon.
  2111 | D:3      | 2111 ||| BRANDING +2 shortbow of flaming.
  2164 | D:3      | 2164 ||| INVOKING Spit Poison.
  2236 | D:3      | Found a runed translucent gate.
  2238 | D:3      | Found a runed translucent gate.
  2238 | D:3      | Found a runed translucent gate.
  2239 | D:3      | Noticed qw's ghost (amateur NaHu)
  2240 | D:3      | Identified the +0 chain mail of Plasticity {rF+ rN+ Str-4}
  2242 | D:3      | 2242 ||| INVOKING Spit Poison.
  2247 | D:3      | 2247 ||| INVOKING Spit Poison.
  2269 | D:3      | 2269 ||| INVOKING Spit Poison.
  2291 | D:3      | 2291 ||| READING scroll of enchant weapon.
  2291 | D:3      | 2291 ||| ENCHANTING +2 shortbow of freezing.
  2298 | D:3      | 2298 ||| INVOKING Spit Poison.
  2348 | D:3      | 2348 ||| INVOKING Spit Poison.
  2368 | D:3      | 2368 ||| INVOKING Spit Poison.
  2371 | D:3      | HP: 8/40 [orc priest/divine providence (16)]
  2372 | D:3      | 2372 ||| DRINKING potion of heal wounds.
  2373 | D:3      | 2373 ||| INVOKING Spit Poison.
  2379 | D:3      | Reached skill level 3 in Fighting
  2379 | D:3      | Reached XP level 5. HP: 19/49 MP: 5/5
  2722 | D:3      | 2722 ||| READING scroll labelled BUNLOAFOE.
  2723 | D:3      | 2723 ||| DRINKING 2 smoky emerald potions.
  2724 | D:3      | 2724 ||| DRINKING 3 yellow potions.
  2725 | D:3      | 2725 ||| READING 2 scrolls of identify.
  2725 | D:3      | 2725 ||| IDENTIFYING glowing golden potion
  2726 | D:3      | 2726 ||| DROPPING potion of brilliance.
  2762 | D:4      | Noticed Edmund
  2763 | D:4      | 2763 ||| INVOKING Spit Poison.
  2765 | D:4      | 2765 ||| STAIRDANCE
  2851 | D:4      | 2851 ||| STAIRDANCE
  2853 | D:3      | 2853 ||| INVOKING Spit Poison.
  2856 | D:3      | 2856 ||| INVOKING Spit Poison.
  2856 | D:3      | HP: 10/49 [Edmund/+0 heavy flail (15)]
  2858 | D:3      | HP: 1/49 [Edmund/+0 heavy flail (8)]
  2858 | D:3      | Slain by a hobgoblin

Levels and vault maps discovered:
D:1:      amcnicky_arrival_feature_with_door, layout_basic
D:2:      layout_basic, shapermc_ecumenical_altar_mp_vishouse
D:3:      layout_loops_corners, biasface_ghost_orc_armoury,
          corexii_hall_statues_s, kennysheep_generic_room_5, uniq_robin
D:4:      layout_rooms, minmay_temple_entry_junction, serial_shops,
          kennysheep_mini, minmay_distorted, uniq_edmund, uniq_sigmund

Skill      XL: |  1  2  3  4 |
---------------+-------------+-----
Ranged Weapons | 4 5 |  5.0
Fighting       | 3 |  3.4
Dodging        | |  1.5
Stealth        | |  1.5

Action                     |  1- 3 |  4- 6 || total
---------------------------+-------+-------++-------
   Fire: Shortbow          |    54 |    36 ||    90
Ability: Spit Poison       |    18 |    13 ||    31
    Use: Scroll            |    10 |     4 ||    14
         Potion            |     1 |     3 ||     4
 Armour: Leather armour    |     1 |     4 ||     5
  Dodge: Dodged            |     5 |    11 ||    16

Table legend:
 A = Non-vault XP
 B = Vault XP
 C = Vault XP percentage of total XP
 D = Non-vault monster count
 E = Vault monster count
 F = Vault count percentage of total count
                 A         B        C        D         E       F
            +---------+---------+-------+---------+---------+-------
      Total |     138 |      44 |  24.2 |      43 |      15 |  25.9
            +---------+---------+-------+---------+---------+-------
        D:1 |      14 |       0 |   0.0 |      10 |       0 |   0.0
        D:2 |      39 |       0 |   0.0 |      15 |       0 |   0.0
        D:3 |      85 |      44 |  34.1 |      18 |      15 |  45.5
            +---------+---------+-------+---------+---------+-------
